 Dungeon Crawl Stone Soup version 0.24.0-13-gcf9b319 (webtiles) character file.

Game seed: 3250350378787391891, levelgen mode: deterministic

21 Bronimir the Conjurer (level 2, 0/17 HPs)
             Began as an Octopode Conjurer on Apr 18, 2020.
             Slain by an adder zombie (1 damage)
             ... on level 1 of the Dungeon.
             The game lasted 00:01:41 (467 turns).

Bronimir the Conjurer (Octopode Conjurer)            Turns: 467, Time: 00:01:42

Health: 0/17       AC:  1    Str:  7    XL:     2   Next: 83%
Magic:  0/5        EV: 13    Int: 17    God:
Gold:   11         SH:  0    Dex: 12    Spells: 4/5 levels left

rFire    . . .     SeeInvis .   e - +0 dagger
rCold    . . .     Gourm    .   (no shield)
rNeg     . . .     Faith    .   (helmet restricted)
rPois    .         Spirit   .   (no amulet)
rElec    .         Reflect  .   (no ring)
rCorr    .         Harm     .   (no ring)
MR       .....                  (no ring)
Stlth    ++++......             (no ring)
HPRegen  0.05/turn              (no ring)
MPRegen  0.09/turn              (no ring)
                                (no ring)
                                (no ring)

@: no status effects
A: almost no armour, stealthy swim, amphibious, 8 rings, constrict 8, camouflage
1, gelatinous body 1
a: no special abilities


You were on level 1 of the Dungeon.
You were not hungry.

You visited 1 branch of the dungeon, and saw 1 of its levels.

You collected 11 gold pieces.

Inventory:

Hand Weapons
 e - a +0 dagger (weapon)
Missiles
 g - 3 stones (quivered)
Scrolls
 c - a scroll of remove curse {unknown}
 d - a scroll of identify {unknown}
Potions
 a - a potion of degeneration {unknown}
 f - a potion of lignification {unknown}
Comestibles
 b - a ration


   Skills:
 * Level 2.1 Dodging
 - Level 2.6 Stealth
 * Level 2.1 Spellcasting
 * Level 4.6 Conjurations


You had 4 spell levels left.
You knew the following spells:

 Your Spells              Type           Power        Failure   Level  Hunger
a - Magic Dart            Conj           ###.         2%          1    #......

Your spell library contained the following spells:

 Spells                   Type           Power        Failure   Level  Hunger
 Searing Ray              Conj           ###...       4%          2    ###....
 Dazzling Spray           Conj/Hex       #.....       22%         3    ###....
 Iskenderun's Mystic Bla  Conj           ###.....     28%         4    #####..
 Force Lance              Conj/Tloc      #.......     58%         4    #####..
 Fulminant Prism          Conj/Hex       #.........   58%         4    #####..


Dungeon Overview and Level Annotations

Branches:
Dungeon (1/15)

Altars:


Innate Abilities, Weirdness & Mutations

You cannot wear most types of armour.
You are very stealthy in the water. (Stealth+)
You are amphibious.
You can wear up to eight rings at the same time.
You can use your tentacles to constrict eight enemies at once.
Your skin changes colour to match your surroundings (Stealth+).
Your rubbery body absorbs attacks. (AC +1, EV +1)


Message History

Confirm with . or Enter, or press ? or * to list all spells.
You don't have enough magic to cast that spell.
There is a large open door here.
There is a large open door here.
Your magical contamination has completely faded away.
The adder zombie bites you.
* * * LOW HITPOINT WARNING * * *
The adder zombie closely misses you. The adder zombie closely misses you.
The adder zombie bites you.
* * * LOW HITPOINT WARNING * * *
Casting: Magic Dart (safe; 2% risk of failure)
Confirm with . or Enter, or press ? or * to list all spells.
Aiming: Magic Dart (safe; 2% risk of failure)
Press: ? - help, Shift-Dir - straight line, f - adder zombie
Aim: an adder zombie (water)
The magic dart hits the adder zombie.
The adder zombie is moderately damaged.
The adder zombie bites you.
You die...

..... ##.#≈≈......#
... ##'##≈#.###.#
♣##'##♣ #8.8#≈#.# #.#
###8#'#8###...#≈#.#
#.#
+.........+...#≈#.#
#.#
##8##.##8##...#≈#.#
#.# #≈ #'# ≈#8.<#≈..#
#.#
####♣##'##♣######≈###
.#
≈≈≈≈≈≈≈.≈≈≈≈≈≈Z@≈≈#
.##.........#######
#.####.#..# # #.#..#
#.#..# #.#..# #.#..#
#.#..# #.....


You could see an adder zombie.

Vanquished Creatures
  An ooze (D:1)
  An adder zombie (D:1)
  A leopard gecko (D:1)
  2 goblins (D:1)
  A hobgoblin (D:1)
  2 bats (D:1)
  A frilled lizard (D:1)
  2 kobolds (D:1)
  2 rats (D:1)
13 creatures vanquished.

Notes
Turn   | Place    | Note
-------+----------+-------------------------------------------
     0 | D:1      | Bronimir the Octopode Conjurer began the quest for the Orb.
     0 | D:1      | Reached XP level 1. HP: 11/11 MP: 3/3
    66 | D:1      | Reached XP level 2. HP: 9/17 MP: 0/5
   467 | D:1      | Slain by an adder zombie

Levels and vault maps discovered:
D:1:      saegor_arrival_fortress, layout_loops_ring

Action                   || total
-------------------------++-------
Melee: Unarmed           ||     7
       Constrict         ||     4
       Tentacles         ||     3
       Dagger            ||     7
 Cast: Magic Dart        ||    21
Armor: Skin              ||     2
Dodge: Dodged            ||    19
